Flames vs Bruins

Created - March 19 2011 at 11:27

Goals
1 2 3 T
Flames 2 2 0 4
Bruins 1 3 2 6
Shots
1 2 3 T
Flames 14 15 7 36
Bruins 6 7 10 23

Period #1

1. Flames , Erik Johnson 14 (Jack Johnson) at 9:01 (PP)
2. Flames , Anze Kopitar 35 (Alex Steen, Mark Streit) at 10:21 (PP)
3. Bruins , Patrice Bergeron 19 (Milan Lucic, Zdeno Chara) at 19:15

Penalties :
Rich Peverley (BOS) for Holding (Minor) at 0:13, Mark Recchi (BOS) for Cross-checking (Minor) at 7:09, Gregory Campbell (BOS) for Hooking (Minor) at 10:07, Mikael Samuelsson (CGY) for Interference (Minor) at 16:49

Period #2

4. Bruins , David Krejci 20 (Rich Peverley) at 5:42 (PP)
5. Flames , John Tavares 14 (Mikael Samuelsson, Erik Johnson) at 5:50
6. Flames , Alex Steen 22 (Anze Kopitar, Josh Gorges) at 12:29 (PP)
7. Bruins , Mark Recchi 7 (Zdeno Chara) at 17:58
8. Bruins , Gregory Campbell 4 (Chris Kelly, Dan Hamhuis) at 18:21

Penalties :
Dennis Seidenberg (BOS) for Tripping (Minor) at 0:36, Dan Boyle (CGY) for Goalie Interference (Minor) at 5:20, Milan Lucic (BOS) for Roughing (Minor) at 8:51, Dan Hamhuis (BOS) for Tripping (Minor) at 10:54, Zdeno Chara (BOS) for Interference (Minor) at 15:17, Rich Peverley (BOS) for Hooking (Minor) at 18:51

Period #3

9. Bruins , Nathan Horton 26 (Rich Peverley, Zdeno Chara) at 0:59
10. Bruins , Jordan Leopold 9 (Patrice Bergeron, Tom Gilbert) at 4:47

Penalties :
Zach Bogosian (CGY) for Hooking (Minor) at 5:46, Zdeno Chara (BOS) for Tripping (Minor) at 8:47, Keith Tkachuk (CGY) for Slashing (Minor) at 11:53, Zdeno Chara (BOS) for Hooking (Minor) at 14:55

Goalie Stats

Miikka Kiprusoff (CGY), 14 saves from 17 shots - (0.824), 53:11 minutes
Rick Dipietro (CGY), 3 saves from 6 shots - (0.500), L, 14-13-3, 6:49 minutes
Cam Ward (BOS), 32 saves from 36 shots - (0.889), W, 36-18-4, 60:00 minutes

Players Stats

Flames
Player Name              G  A  P  +/- PIM S  H  SB FO    MP 
------------------------------------------------------------
Alex Steen               1  1  2   0  0   2  0  0  0/1   12 
Anze Kopitar             1  1  2  -1  0   4  1  0  18/34 22 
Dan Boyle                0  0  0  -1  2   2  2  0  0/0   24 
Erik Johnson             1  1  2  -1  0   4  0  1  0/0   22 
Jack Johnson             0  1  1  -1  0   2  0  0  0/0   19 
Joffrey Lupul            0  0  0  -1  0   0  1  0  1/1   19 
John Tavares             1  0  1  -1  0   6  2  0  11/25 20 
Josh Gorges              0  1  1  -2  0   0  2  1  0/0   18 
Keith Tkachuk            0  0  0   0  2   0  0  0  0/0   4  
Marco Sturm              0  0  0  -2  0   2  0  0  0/1   15 
Mark Streit              0  1  1  -1  0   5  0  0  0/0   21 
Mikael Samuelsson        0  1  1  -1  2   1  1  0  1/1   20 
Pierre-Marc Bouchard     0  0  0  -2  0   2  0  0  0/0   19 
Rob Schremp              0  0  0  -2  0   2  0  0  10/18 13 
Rostislav Olesz          0  0  0  -2  0   2  0  0  0/0   14 
Ryan Potulny             0  0  0   0  0   0  0  0  4/8   7  
Sam Gagner               0  0  0   0  0   2  0  0  0/0   9  
Zach Bogosian            0  0  0  -2  2   0  1  0  0/0   16 
Bruins
Player Name              G  A  P  +/- PIM S  H  SB FO    MP 
------------------------------------------------------------
Brad Marchand            0  0  0   1  0   1  0  0  1/1   9  
Chris Kelly              0  1  1   1  0   0  0  0  6/14  11 
Dan Hamhuis              0  1  1   1  2   0  1  1  0/0   22 
David Krejci             1  0  1   0  0   2  0  0  9/16  14 
Dennis Seidenberg        0  0  0   1  2   0  4  0  0/0   20 
Dustin Brown             0  0  0   1  0   2  0  0  2/8   19 
Gregory Campbell         1  0  1   1  2   3  4  0  0/0   16 
Henrik Zetterberg        0  0  0   1  0   0  0  0  8/12  12 
Jordan Leopold           1  0  1   2  0   3  0  0  0/0   16 
Mark Recchi              1  0  1   2  2   1  1  0  0/0   10 
Milan Lucic              0  1  1   2  2   1  5  0  0/1   10 
Nathan Horton            1  0  1   1  0   1  1  0  0/2   11 
Patrice Bergeron         1  1  2   1  0   3  0  0  13/23 18 
Rich Peverley            0  2  2   1  4   1  0  0  4/11  16 
Rick Nash                0  0  0   0  0   4  2  0  1/1   21 
Tom Gilbert              0  1  1   2  0   0  1  0  0/0   12 
Toni Lydman              0  0  0   0  0   0  3  1  0/0   20 
Zdeno Chara              0  3  3   2  6   1  11 1  0/0   24 

3 Stars

1 - Zdeno Chara (BOS)
2 - Patrice Bergeron (BOS)
3 - Alex Steen (CGY)

Power Play

Flames - 3 on 10 Attempt(s) - 30.00%
Bruins - 1 on 4 Attempt(s) - 25.00%

Penalty Kill

Flames - 3 on 4 Attempt(s) - 75.00% - Score 0 goal in Penalty Kill
Bruins - 7 on 10 Attempt(s) - 70.00% - Score 0 goal in Penalty Kill

Game Notes

Alex Steen is injured at 14:34 of 2nd period (Sprained Right Knee)
Rick Dipietro enters game at 17:58 of 2nd period
Miikka Kiprusoff enters game at 4:47 of 3rd period

Finance

Level 1 -- Attendance: 6500 (100.00%) -- Ticket Income $487,500.00
Level 2 -- Attendance: 5000 (100.00%) -- Ticket Income $250,000.00
Level 3 -- Attendance: 3500 (100.00%) -- Ticket Income $105,000.00
Level 4 -- Attendance: 1565 (100.00%) -- Ticket Income $31,300.00
Luxury Box -- Attendance: 1000 (100.00%) -- Ticket Income $150,000.00
Game was played at the TD Garden
Total Attendance: 17565 (100.00%)
Total Ticket Income: $1,032,582.00
Other Income: $205,461.00
Total Income: $1,238,043.00


Play by Play

Period #1

0:01 of 1st period - Anze Kopitar wins face-off versus Nathan Horton in neutral zone.
0:03 of 1st period - Dan Boyle is hit by Zdeno Chara and loses puck.
0:13 of 1st period - Minor Penalty to Rich Peverley for Holding.
0:14 of 1st period - Rick Nash wins face-off versus John Tavares in Bruins zone.
0:27 of 1st period - Shot by Jack Johnson.
0:27 of 1st period - Shot Misses the Net.
0:29 of 1st period - Shot by Jack Johnson.
0:29 of 1st period - Shot Misses the Net.
0:31 of 1st period - Shot by Erik Johnson.
0:31 of 1st period - Shot Misses the Net.
0:33 of 1st period - Shot by Joffrey Lupul.
0:33 of 1st period - Shot Misses the Net.
0:35 of 1st period - Shot by Jack Johnson.
0:35 of 1st period - Stopped by Cam Ward without a rebound.
0:36 of 1st period - Dustin Brown wins face-off versus Anze Kopitar in Bruins zone.
0:42 of 1st period - Icing by Mark Streit.
0:43 of 1st period - Anze Kopitar wins face-off versus Dustin Brown in Flames zone.
1:06 of 1st period - Shot by Anze Kopitar.
1:06 of 1st period - Shot Blocked by Dan Hamhuis.
1:08 of 1st period - Shot by Mikael Samuelsson.
1:08 of 1st period - Stopped by Cam Ward without a rebound.
1:09 of 1st period - Patrice Bergeron wins face-off versus John Tavares in Bruins zone.
1:24 of 1st period - Shot by Erik Johnson.
1:24 of 1st period - Shot Misses the Net.
1:40 of 1st period - Shot by Erik Johnson.
1:40 of 1st period - Stopped by Cam Ward without a rebound.
1:41 of 1st period - Anze Kopitar wins face-off versus Dustin Brown in Bruins zone.
1:56 of 1st period - Shot by Mark Streit.
1:56 of 1st period - Stopped by Cam Ward without a rebound.
1:57 of 1st period - Anze Kopitar wins face-off versus Dustin Brown in Bruins zone.
2:19 of 1st period - Shot by Rob Schremp.
2:19 of 1st period - Stopped by Cam Ward without a rebound.
2:20 of 1st period - Rob Schremp wins face-off versus Henrik Zetterberg in Bruins zone.
2:20 of 1st period - Marco Sturm is hit by Dennis Seidenberg and loses puck.
2:58 of 1st period - Rob Schremp is hit by Zdeno Chara and loses puck.
3:16 of 1st period - Icing by Jack Johnson.
3:17 of 1st period - David Krejci wins face-off versus John Tavares in Flames zone.
3:30 of 1st period - Shot by Dustin Brown.
3:30 of 1st period - Stopped by Miikka Kiprusoff without a rebound.
3:31 of 1st period - Anze Kopitar wins face-off versus Chris Kelly in Flames zone.
3:55 of 1st period - Icing by Anze Kopitar.
3:56 of 1st period - Anze Kopitar wins face-off versus David Krejci in Flames zone.
4:11 of 1st period - Shot by David Krejci.
4:11 of 1st period - Stopped by Miikka Kiprusoff without a rebound.
4:12 of 1st period - John Tavares wins face-off versus Patrice Bergeron in Flames zone.
4:12 of 1st period - Erik Johnson is hit by Milan Lucic and loses puck.
4:22 of 1st period - John Tavares is hit by Tom Gilbert and loses puck.
4:42 of 1st period - John Tavares is hit by Zdeno Chara and loses puck.
4:47 of 1st period - Shot by Pierre-Marc Bouchard.
4:47 of 1st period - Shot Misses the Net.
5:01 of 1st period - Pierre-Marc Bouchard is hit by Zdeno Chara.
5:20 of 1st period - Icing by Toni Lydman.
5:21 of 1st period - Rob Schremp wins face-off versus David Krejci in Bruins zone.
5:33 of 1st period - Icing by David Krejci.
5:34 of 1st period - David Krejci wins face-off versus Anze Kopitar in Bruins zone.
6:21 of 1st period - Icing by Toni Lydman.
6:22 of 1st period - David Krejci wins face-off versus Rob Schremp in Bruins zone.
6:36 of 1st period - Icing by Dan Hamhuis.
6:37 of 1st period - Ryan Potulny wins face-off versus David Krejci in Bruins zone.
6:50 of 1st period - Shot by Sam Gagner.
6:50 of 1st period - Stopped by Cam Ward without a rebound.
6:51 of 1st period - Henrik Zetterberg wins face-off versus Rob Schremp in Bruins zone.
7:02 of 1st period - Shot by Henrik Zetterberg.
7:02 of 1st period - Shot Misses the Net.
7:07 of 1st period - Icing by Rob Schremp.
7:08 of 1st period - Rob Schremp wins face-off versus Patrice Bergeron in Flames zone.
7:08 of 1st period - Rob Schremp is hit by Milan Lucic.
7:09 of 1st period - Minor Penalty to Mark Recchi for Cross-checking.
7:10 of 1st period - Patrice Bergeron wins face-off versus John Tavares in Bruins zone.
7:10 of 1st period - Dennis Seidenberg is hit by John Tavares and loses puck.
7:43 of 1st period - Shot by Erik Johnson.
7:43 of 1st period - Stopped by Cam Ward without a rebound.
7:44 of 1st period - Anze Kopitar wins face-off versus Rich Peverley in Bruins zone.
8:05 of 1st period - Shot by Dan Boyle.
8:05 of 1st period - Stopped by Cam Ward without a rebound.
8:06 of 1st period - Patrice Bergeron wins face-off versus Anze Kopitar in Bruins zone.
9:01 of 1st period - Shot by Erik Johnson.
9:01 of 1st period - Goal by Erik Johnson - Flames : 1 - Bruins : 0.
9:02 of 1st period - Rob Schremp wins face-off versus Milan Lucic in neutral zone.
9:11 of 1st period - Marco Sturm is hit by Zdeno Chara and loses puck.
10:07 of 1st period - Minor Penalty to Gregory Campbell for Hooking.
10:08 of 1st period - Anze Kopitar wins face-off versus Rich Peverley in Bruins zone.
10:15 of 1st period - Shot by Mikael Samuelsson.
10:15 of 1st period - Shot Misses the Net.
10:19 of 1st period - Shot by Mark Streit.
10:19 of 1st period - Stopped by Cam Ward with a rebound.
10:21 of 1st period - Shot by Alex Steen.
10:21 of 1st period - Deflect By Anze Kopitar.
10:21 of 1st period - Goal by Anze Kopitar - Flames : 2 - Bruins : 0.
10:22 of 1st period - Henrik Zetterberg wins face-off versus John Tavares in neutral zone.
10:35 of 1st period - Mikael Samuelsson is hit by Zdeno Chara and loses puck.
11:23 of 1st period - Icing by Alex Steen.
11:24 of 1st period - David Krejci wins face-off versus Anze Kopitar in Flames zone.
11:50 of 1st period - Shot by David Krejci.
11:50 of 1st period - Deflect By Rick Nash.
11:50 of 1st period - Shot Hit the Post.
11:52 of 1st period - Shot by Toni Lydman.
11:52 of 1st period - Shot Misses the Net.
11:54 of 1st period - Shot by Rick Nash.
11:54 of 1st period - Stopped by Miikka Kiprusoff without a rebound.
11:55 of 1st period - Chris Kelly wins face-off versus Rob Schremp in Flames zone.
14:08 of 1st period - Anze Kopitar is hit by Toni Lydman and loses puck.
14:11 of 1st period - Shot by Joffrey Lupul.
14:11 of 1st period - Shot Misses the Net.
14:19 of 1st period - Shot by Anze Kopitar.
14:19 of 1st period - Stopped by Cam Ward without a rebound.
14:20 of 1st period - Ryan Potulny wins face-off versus Chris Kelly in Bruins zone.
14:28 of 1st period - Icing by Chris Kelly.
14:29 of 1st period - Chris Kelly wins face-off versus Rob Schremp in Bruins zone.
15:31 of 1st period - Shot by Anze Kopitar.
15:31 of 1st period - Stopped by Cam Ward without a rebound.
15:32 of 1st period - Joffrey Lupul wins face-off versus David Krejci in Bruins zone.
16:40 of 1st period - Shot by John Tavares.
16:40 of 1st period - Shot Misses the Net.
16:42 of 1st period - Shot by Pierre-Marc Bouchard.
16:42 of 1st period - Stopped by Cam Ward with a rebound.
16:49 of 1st period - Minor Penalty to Mikael Samuelsson for Interference.
16:50 of 1st period - Henrik Zetterberg wins face-off versus Ryan Potulny in Flames zone.
17:04 of 1st period - Nathan Horton is hit by Josh Gorges and loses puck.
19:03 of 1st period - Shot by Mark Recchi.
19:03 of 1st period - Shot Blocked by Erik Johnson.
19:05 of 1st period - Shot by Zdeno Chara.
19:05 of 1st period - Stopped by Miikka Kiprusoff with a rebound.
19:07 of 1st period - Shot by Zdeno Chara.
19:07 of 1st period - Shot Misses the Net.
19:11 of 1st period - Shot by Patrice Bergeron.
19:11 of 1st period - Shot Misses the Net.
19:15 of 1st period - Shot by Patrice Bergeron.
19:15 of 1st period - Goal by Patrice Bergeron - Flames : 2 - Bruins : 1.
19:16 of 1st period - David Krejci wins face-off versus Anze Kopitar in neutral zone.
19:19 of 1st period - Shot by Rick Nash.
19:19 of 1st period - Stopped by Miikka Kiprusoff with a rebound.

Period #2

0:01 of 2nd period - Henrik Zetterberg wins face-off versus Anze Kopitar in neutral zone.
0:36 of 2nd period - Minor Penalty to Dennis Seidenberg for Tripping.
0:37 of 2nd period - Rich Peverley wins face-off versus John Tavares in Bruins zone.
1:29 of 2nd period - Shot by Mikael Samuelsson.
1:29 of 2nd period - Shot Misses the Net.
1:59 of 2nd period - Shot by John Tavares.
1:59 of 2nd period - Stopped by Cam Ward with a rebound.
2:04 of 2nd period - Shot by Erik Johnson.
2:04 of 2nd period - Stopped by Cam Ward with a rebound.
2:16 of 2nd period - Shot by John Tavares.
2:16 of 2nd period - Stopped by Cam Ward with a rebound.
2:18 of 2nd period - Shot by Sam Gagner.
2:18 of 2nd period - Shot Misses the Net.
2:20 of 2nd period - Shot by Pierre-Marc Bouchard.
2:20 of 2nd period - Deflect By John Tavares.
2:20 of 2nd period - Stopped by Cam Ward without a rebound.
2:21 of 2nd period - Rich Peverley wins face-off versus Anze Kopitar in Bruins zone.
2:36 of 2nd period - Shot by Alex Steen.
2:36 of 2nd period - Stopped by Cam Ward without a rebound.
2:37 of 2nd period - Rob Schremp wins face-off versus David Krejci in Bruins zone.
4:02 of 2nd period - Icing by Nathan Horton.
4:03 of 2nd period - Chris Kelly wins face-off versus John Tavares in Bruins zone.
4:15 of 2nd period - Chris Kelly is hit by Mikael Samuelsson.
4:37 of 2nd period - Icing by Nathan Horton.
4:38 of 2nd period - Chris Kelly wins face-off versus Anze Kopitar in Bruins zone.
5:14 of 2nd period - Icing by Dan Boyle.
5:15 of 2nd period - David Krejci wins face-off versus Anze Kopitar in Flames zone.
5:15 of 2nd period - David Krejci is hit by Dan Boyle.
5:20 of 2nd period - Minor Penalty to Dan Boyle for Goalie Interference.
5:21 of 2nd period - David Krejci wins face-off versus Ryan Potulny in Flames zone.
5:33 of 2nd period - Icing by Rich Peverley.
5:34 of 2nd period - David Krejci wins face-off versus Anze Kopitar in Bruins zone.
5:34 of 2nd period - David Krejci is hit by Anze Kopitar.
5:42 of 2nd period - Shot by David Krejci.
5:42 of 2nd period - Goal by David Krejci - Flames : 2 - Bruins : 2.
5:43 of 2nd period - Patrice Bergeron wins face-off versus John Tavares in neutral zone.
5:50 of 2nd period - Shot by John Tavares.
5:50 of 2nd period - Goal by John Tavares - Flames : 3 - Bruins : 2.
5:51 of 2nd period - Patrice Bergeron wins face-off versus Ryan Potulny in neutral zone.
5:54 of 2nd period - Dan Boyle is hit by Milan Lucic and loses puck.
6:33 of 2nd period - Josh Gorges is hit by Milan Lucic and loses puck.
7:52 of 2nd period - Shot by Henrik Zetterberg.
7:52 of 2nd period - Shot Misses the Net.
7:55 of 2nd period - Icing by Erik Johnson.
7:56 of 2nd period - John Tavares wins face-off versus Chris Kelly in Flames zone.
8:24 of 2nd period - Icing by Chris Kelly.
8:25 of 2nd period - Rob Schremp wins face-off versus Chris Kelly in Bruins zone.
8:49 of 2nd period - Icing by Josh Gorges.
8:50 of 2nd period - Rob Schremp wins face-off versus Patrice Bergeron in Flames zone.
8:50 of 2nd period - Rob Schremp is hit by Milan Lucic.
8:51 of 2nd period - Minor Penalty to Milan Lucic for Roughing.
8:52 of 2nd period - Anze Kopitar wins face-off versus Rich Peverley in Bruins zone.
9:04 of 2nd period - Shot by Mark Streit.
9:04 of 2nd period - Stopped by Cam Ward without a rebound.
9:05 of 2nd period - Patrice Bergeron wins face-off versus John Tavares in Bruins zone.
10:47 of 2nd period - Shot by Sam Gagner.
10:47 of 2nd period - Deflect By John Tavares.
10:47 of 2nd period - Stopped by Cam Ward without a rebound.
10:48 of 2nd period - Anze Kopitar wins face-off versus Rich Peverley in Bruins zone.
10:54 of 2nd period - Minor Penalty to Dan Hamhuis for Tripping.
10:55 of 2nd period - Anze Kopitar wins face-off versus Rich Peverley in Bruins zone.
12:27 of 2nd period - Shot by Alex Steen.
12:27 of 2nd period - Shot Blocked by Toni Lydman.
12:29 of 2nd period - Shot by Alex Steen.
12:29 of 2nd period - Goal by Alex Steen - Flames : 4 - Bruins : 2.
12:30 of 2nd period - Chris Kelly wins face-off versus Rob Schremp in neutral zone.
12:35 of 2nd period - Icing by Zach Bogosian.
12:36 of 2nd period - Chris Kelly wins face-off versus Marco Sturm in Flames zone.
12:36 of 2nd period - Chris Kelly is hit by Zach Bogosian.
12:43 of 2nd period - Icing by Josh Gorges.
12:44 of 2nd period - Patrice Bergeron wins face-off versus Rob Schremp in Flames zone.
13:05 of 2nd period - Shot by Rob Schremp.
13:05 of 2nd period - Stopped by Cam Ward without a rebound.
13:06 of 2nd period - Ryan Potulny wins face-off versus David Krejci in Bruins zone.
13:06 of 2nd period - Dan Boyle is hit by Toni Lydman and loses puck.
13:30 of 2nd period - Sam Gagner is hit by Dan Hamhuis and loses puck.
14:01 of 2nd period - Shot by Rich Peverley.
14:01 of 2nd period - Stopped by Miikka Kiprusoff without a rebound.
14:02 of 2nd period - John Tavares wins face-off versus Patrice Bergeron in Flames zone.
14:02 of 2nd period - John Tavares is hit by Mark Recchi.
14:07 of 2nd period - Erik Johnson is hit by Zdeno Chara and loses puck.
14:19 of 2nd period - Icing by Zdeno Chara.
14:20 of 2nd period - Patrice Bergeron wins face-off versus Alex Steen in Bruins zone.
14:33 of 2nd period - Alex Steen is hit by Zdeno Chara.
14:34 of 2nd period - Alex Steen from Flames is injured at 14:34 of 2nd period (Sprained Right Knee).
14:35 of 2nd period - Rob Schremp wins face-off versus Chris Kelly in Bruins zone.
14:56 of 2nd period - Shot by Brad Marchand.
14:56 of 2nd period - Stopped by Miikka Kiprusoff with a rebound.
14:58 of 2nd period - Shot by Chris Kelly.
14:58 of 2nd period - Deflect By Gregory Campbell.
14:58 of 2nd period - Stopped by Miikka Kiprusoff with a rebound.
15:00 of 2nd period - Shot by Gregory Campbell.
15:00 of 2nd period - Stopped by Miikka Kiprusoff without a rebound.
15:01 of 2nd period - John Tavares wins face-off versus Henrik Zetterberg in Flames zone.
15:05 of 2nd period - Off-side.
15:06 of 2nd period - John Tavares wins face-off versus Henrik Zetterberg in neutral zone.
15:16 of 2nd period - Shot by John Tavares.
15:16 of 2nd period - Shot Misses the Net.
15:17 of 2nd period - Minor Penalty to Zdeno Chara for Interference.
15:18 of 2nd period - Rich Peverley wins face-off versus Anze Kopitar in Bruins zone.
16:35 of 2nd period - Pierre-Marc Bouchard is hit by Dennis Seidenberg and loses puck.
17:01 of 2nd period - Icing by Mikael Samuelsson.
17:02 of 2nd period - Anze Kopitar wins face-off versus Rich Peverley in Flames zone.
17:13 of 2nd period - Shot by Mark Streit.
17:13 of 2nd period - Stopped by Cam Ward without a rebound.
17:14 of 2nd period - John Tavares wins face-off versus Patrice Bergeron in Bruins zone.
17:17 of 2nd period - Shot by Pierre-Marc Bouchard.
17:17 of 2nd period - Shot Hit the Post.
17:58 of 2nd period - Shot by Mark Recchi.
17:58 of 2nd period - Goal by Mark Recchi - Flames : 4 - Bruins : 3.
17:58 of 2nd period - Rick Dipietro enters game.
17:59 of 2nd period - Brad Marchand wins face-off versus Anze Kopitar in neutral zone.
18:21 of 2nd period - Shot by Gregory Campbell.
18:21 of 2nd period - Goal by Gregory Campbell - Flames : 4 - Bruins : 4.
18:22 of 2nd period - Henrik Zetterberg wins face-off versus John Tavares in neutral zone.
18:51 of 2nd period - Minor Penalty to Rich Peverley for Hooking.
18:52 of 2nd period - Anze Kopitar wins face-off versus Dustin Brown in Bruins zone.
19:01 of 2nd period - Shot by Anze Kopitar.
19:01 of 2nd period - Shot Misses the Net.
19:03 of 2nd period - Shot by Dan Boyle.
19:03 of 2nd period - Stopped by Cam Ward with a rebound.
19:07 of 2nd period - Shot by Mikael Samuelsson.
19:07 of 2nd period - Deflect By Anze Kopitar.
19:07 of 2nd period - Stopped by Cam Ward without a rebound.
19:08 of 2nd period - Patrice Bergeron wins face-off versus Anze Kopitar in Bruins zone.
19:21 of 2nd period - Shot by Mark Streit.
19:21 of 2nd period - Stopped by Cam Ward without a rebound.
19:22 of 2nd period - John Tavares wins face-off versus Patrice Bergeron in Bruins zone.
19:27 of 2nd period - Shot by Jack Johnson.
19:27 of 2nd period - Stopped by Cam Ward without a rebound.
19:28 of 2nd period - Dustin Brown wins face-off versus John Tavares in Bruins zone.
19:28 of 2nd period - Dustin Brown is hit by Joffrey Lupul.

Period #3

0:01 of 3rd period - Patrice Bergeron wins face-off versus Anze Kopitar in neutral zone.
0:50 of 3rd period - Anze Kopitar is hit by Gregory Campbell and loses puck.
0:59 of 3rd period - Shot by Nathan Horton.
0:59 of 3rd period - Goal by Nathan Horton - Flames : 4 - Bruins : 5.
1:00 of 3rd period - Rob Schremp wins face-off versus Patrice Bergeron in neutral zone.
1:03 of 3rd period - Shot by Rostislav Olesz.
1:03 of 3rd period - Stopped by Cam Ward with a rebound.
2:09 of 3rd period - Shot by Rick Nash.
2:09 of 3rd period - Stopped by Rick Dipietro without a rebound.
2:10 of 3rd period - John Tavares wins face-off versus Chris Kelly in Flames zone.
2:26 of 3rd period - Shot by Pierre-Marc Bouchard.
2:26 of 3rd period - Shot Misses the Net.
2:31 of 3rd period - Dan Hamhuis is hit by John Tavares and loses puck.
3:10 of 3rd period - Icing by Dennis Seidenberg.
3:11 of 3rd period - Anze Kopitar wins face-off versus Henrik Zetterberg in Bruins zone.
4:21 of 3rd period - Shot by Marco Sturm.
4:21 of 3rd period - Stopped by Cam Ward without a rebound.
4:22 of 3rd period - Patrice Bergeron wins face-off versus John Tavares in Bruins zone.
4:43 of 3rd period - Shot by Patrice Bergeron.
4:43 of 3rd period - Stopped by Rick Dipietro with a rebound.
4:45 of 3rd period - Shot by Jordan Leopold.
4:45 of 3rd period - Stopped by Rick Dipietro with a rebound.
4:47 of 3rd period - Shot by Jordan Leopold.
4:47 of 3rd period - Goal by Jordan Leopold - Flames : 4 - Bruins : 6.
4:47 of 3rd period - Miikka Kiprusoff enters game.
4:48 of 3rd period - Ryan Potulny wins face-off versus Chris Kelly in neutral zone.
5:35 of 3rd period - Icing by Zach Bogosian.
5:36 of 3rd period - Patrice Bergeron wins face-off versus Rob Schremp in Flames zone.
5:39 of 3rd period - Shot by Mark Recchi.
5:39 of 3rd period - Shot Misses the Net.
5:41 of 3rd period - Shot by Mark Recchi.
5:41 of 3rd period - Deflect By Milan Lucic.
5:41 of 3rd period - Stopped by Miikka Kiprusoff with a rebound.
5:43 of 3rd period - Shot by Patrice Bergeron.
5:43 of 3rd period - Shot Misses the Net.
5:46 of 3rd period - Minor Penalty to Zach Bogosian for Hooking.
5:47 of 3rd period - Henrik Zetterberg wins face-off versus Anze Kopitar in Flames zone.
6:00 of 3rd period - Shot by Nathan Horton.
6:00 of 3rd period - Shot Misses the Net.
7:47 of 3rd period - Icing by Henrik Zetterberg.
7:48 of 3rd period - John Tavares wins face-off versus Patrice Bergeron in Bruins zone.
8:04 of 3rd period - Icing by Patrice Bergeron.
8:05 of 3rd period - Anze Kopitar wins face-off versus Patrice Bergeron in Bruins zone.
8:06 of 3rd period - Shot by Mark Streit.
8:06 of 3rd period - Shot Misses the Net.
8:12 of 3rd period - Shot by Milan Lucic.
8:12 of 3rd period - Shot Misses the Net.
8:14 of 3rd period - Shot by Toni Lydman.
8:14 of 3rd period - Shot Misses the Net.
8:18 of 3rd period - Shot by Tom Gilbert.
8:18 of 3rd period - Shot Misses the Net.
8:20 of 3rd period - Shot by Patrice Bergeron.
8:20 of 3rd period - Stopped by Miikka Kiprusoff without a rebound.
8:21 of 3rd period - Rob Schremp wins face-off versus Chris Kelly in Flames zone.
8:33 of 3rd period - Zach Bogosian is hit by Zdeno Chara and loses puck.
8:46 of 3rd period - Shot by Rostislav Olesz.
8:46 of 3rd period - Shot Misses the Net.
8:47 of 3rd period - Minor Penalty to Zdeno Chara for Tripping.
8:48 of 3rd period - Rich Peverley wins face-off versus John Tavares in Bruins zone.
9:22 of 3rd period - John Tavares is hit by Dennis Seidenberg and loses puck.
10:45 of 3rd period - Shot by Pierre-Marc Bouchard.
10:45 of 3rd period - Shot Misses the Net.
10:47 of 3rd period - Shot by Joffrey Lupul.
10:47 of 3rd period - Shot Misses the Net.
10:49 of 3rd period - Shot by Marco Sturm.
10:49 of 3rd period - Stopped by Cam Ward with a rebound.
10:53 of 3rd period - Shot by Marco Sturm.
10:53 of 3rd period - Deflect By Rostislav Olesz.
10:53 of 3rd period - Stopped by Cam Ward without a rebound.
10:54 of 3rd period - Henrik Zetterberg wins face-off versus Rob Schremp in Bruins zone.
11:18 of 3rd period - Off-side.
11:19 of 3rd period - David Krejci wins face-off versus Ryan Potulny in neutral zone.
11:21 of 3rd period - Toni Lydman is hit by Dan Boyle and loses puck.
11:53 of 3rd period - Minor Penalty to Keith Tkachuk for Slashing.
11:54 of 3rd period - Anze Kopitar wins face-off versus David Krejci in Flames zone.
12:43 of 3rd period - Icing by Henrik Zetterberg.
12:44 of 3rd period - Anze Kopitar wins face-off versus Dustin Brown in Bruins zone.
13:27 of 3rd period - Josh Gorges is hit by Gregory Campbell and loses puck.
13:36 of 3rd period - Shot by Rich Peverley.
13:36 of 3rd period - Shot Misses the Net.
13:40 of 3rd period - Shot by Rich Peverley.
13:40 of 3rd period - Shot Blocked by Josh Gorges.
13:42 of 3rd period - Shot by Chris Kelly.
13:42 of 3rd period - Deflect By Gregory Campbell.
13:42 of 3rd period - Shot Misses the Net.
13:44 of 3rd period - Shot by Jordan Leopold.
13:44 of 3rd period - Stopped by Miikka Kiprusoff without a rebound.
13:45 of 3rd period - Mikael Samuelsson wins face-off versus Nathan Horton in Flames zone.
13:45 of 3rd period - Mikael Samuelsson is hit by Gregory Campbell.
14:16 of 3rd period - John Tavares is hit by Zdeno Chara.
14:21 of 3rd period - Pierre-Marc Bouchard is hit by Zdeno Chara and loses puck.
14:55 of 3rd period - Minor Penalty to Zdeno Chara for Hooking.
14:56 of 3rd period - Anze Kopitar wins face-off versus Rich Peverley in Bruins zone.
15:14 of 3rd period - Mikael Samuelsson is hit by Toni Lydman and loses puck.
15:27 of 3rd period - Anze Kopitar is hit by Rick Nash and loses puck.
15:40 of 3rd period - Shot by Rick Nash.
15:40 of 3rd period - Stopped by Miikka Kiprusoff without a rebound.
15:41 of 3rd period - John Tavares wins face-off versus Patrice Bergeron in Flames zone.
15:41 of 3rd period - John Tavares is hit by Gregory Campbell.
15:47 of 3rd period - Shot by Pierre-Marc Bouchard.
15:47 of 3rd period - Stopped by Cam Ward without a rebound.
15:48 of 3rd period - Patrice Bergeron wins face-off versus John Tavares in Bruins zone.
15:59 of 3rd period - Shot by John Tavares.
15:59 of 3rd period - Stopped by Cam Ward without a rebound.
16:00 of 3rd period - John Tavares wins face-off versus Dustin Brown in Bruins zone.
16:23 of 3rd period - Sam Gagner is hit by Dennis Seidenberg and loses puck.
16:36 of 3rd period - Jack Johnson is hit by Rick Nash and loses puck.
17:08 of 3rd period - Shot by Dustin Brown.
17:08 of 3rd period - Stopped by Miikka Kiprusoff without a rebound.
17:09 of 3rd period - Henrik Zetterberg wins face-off versus Anze Kopitar in Flames zone.
17:14 of 3rd period - Shot by Nathan Horton.
17:14 of 3rd period - Shot Misses the Net.
17:22 of 3rd period - Shot by Anze Kopitar.
17:22 of 3rd period - Shot Blocked by Zdeno Chara.
17:36 of 3rd period - Shot by Nathan Horton.
17:36 of 3rd period - Deflect By Rich Peverley.
17:36 of 3rd period - Shot Misses the Net.
17:45 of 3rd period - Dan Boyle is hit by Nathan Horton and loses puck.
19:12 of 3rd period - Shot by Anze Kopitar.
19:12 of 3rd period - Shot Misses the Net.
19:14 of 3rd period - Shot by Anze Kopitar.
19:14 of 3rd period - Shot Misses the Net.
19:18 of 3rd period - Shot by Anze Kopitar.
19:18 of 3rd period - Deflect By Sam Gagner.
19:18 of 3rd period - Stopped by Cam Ward with a rebound.
19:56 of 3rd period - Rick Nash is hit by Josh Gorges and loses puck.


Output by the SimonT Hockey Simulator (STHS) for Stephane Roy -- Original Page W3C XHTML 1.0 Valid